AoeStats
← Rooney4494

MegaRandom

506138986Analyzed
1v1 RM · 20d ago on Sep 12, 2026· 51m 34s· 2 players
Game mode
Random Map
Map size
Tiny (2 player)
Population
200
Speed
Normal
Resources
Standard
Victory
Conquest
Starting age
Dark Age
Ending age
Imperial Age
RankedLock teamsTeams togetherTeam positionsShared explorationLock speedFull tech treeHidden civsTurbo modeCheats
Victory
Defeat
🇺🇸 Gurjaras · United States
407
+16
🇳🇱 Saracens · Netherlands
397
-16
GilmeiNHL
12:04 Loom
16:48 Feudal Age
19:53 Wheelbarrow
19:04 Town Watch
21:11 Fletching
21:32 Forging
21:23 Scale Mail Armor
21:28 Scale Barding Armor
21:24 Padded Archer Armor
25:35 Bloodlines
24:53 Man-at-Arms
27:10 Double-Bit Axe
27:08 Horse Collar
32:24 Castle Age
32:49 Pikeman
33:30 Squires
34:13 Iron Casting
33:54 Chain Mail Armor
33:57 Leather Archer Armor
35:55 Long Swordsman
36:20 Gambesons
37:13 Hand Cart
37:28 Bow Saw
37:20 Heavy Plow
38:15 Crossbowman
38:21 Light Cavalry
41:10 Thumb Ring
42:00 Bodkin Arrow
43:08 Town Patrol
50:21 Imperial Age
47:53 Town Patrol
Rooney4494
5:27 Loom
11:19 Feudal Age
12:51 Double-Bit Axe
15:03 Horse Collar
17:26 Bloodlines
23:02 Castle Age
22:12 Fishing Lines
23:58 Husbandry
24:51 Heavy Plow
25:06 Bow Saw
25:11 Scale Barding Armor
25:17 Forging
32:05 Fervor
32:18 Sanctity
31:40 Light Cavalry
33:23 Gold Mining
33:23 Stone Mining
34:45 Gillnets
35:31 Kshatriyas
35:52 Elite Skirmisher
39:46 Scale Mail Armor
40:22 Iron Casting
40:08 Chain Barding Armor
42:42 Ballistics
42:36 Masonry
49:03 Imperial Age
48:03 Chain Mail Armor
49:01 Wheelbarrow
48:11 Town Watch
Connection lost

Rejoining the realm…

Still unreachable

The connection could not be restored.

Session expired

The server has moved on; the page needs a fresh start.